 Dungeon Crawl Stone Soup version 0.30-a0-639-g3916f1956a (webtiles) character file.

Game seed: 1758964446506256539

94051 holysushi the Prestidigitator (level 16, 0/125 HPs)
             Began as a Gnoll Artificer on Jan 17, 2023.
             Was the Champion of Zin.
             Slain by Arachne
             ... wielding a staff of poison
              (4 damage)
             ... on level 2 of the Spider Nest.
             The game lasted 00:52:29 (26538 turns).

holysushi the Prestidigitator (Gnoll Artificer)    Turns: 26538, Time: 00:52:30

Health: 0/125      AC: 14    Str: 12    XL:     16   Next: 10%
Magic:  30/30      EV: 21    Int: 11    God:    Zin [******]
Gold:   1241       SH:  9    Dex: 26    Spells: 36/36 levels left

rFire   + . .      SeeInvis .    P - +8 mithril axe "Arga" {speed, Will+}
rCold   + . .      Faith    .    W - +1 buckler {rF+}
rNeg    + . .      Spirit   .    j - +0 troll leather armour
rPois   .          Reflect  .    G - +1 helmet
rElec   .          Harm     .    v - +1 cloak
rCorr   .          Rampage  .    A - +0 pair of gloves
Will    ++...                    w - +0 pair of boots
Stlth   +++++                    K - amulet "Vutrocoi" {Acrobat rC+ rN+}
HPRegen 1.20/turn                H - +4 ring of slaying
MPRegen 0.22/turn                y - +6 ring of dexterity

@: studying Transmutations
A: fangs 1, strong nose, distributed training
a: Renounce Religion, Recite, Vitalisation, Imprison, Sanctuary, Donate Gold


You were on level 2 of the Spider Nest.
You worshipped Zin.
Zin was exalted by your worship.
You visited 4 branches of the dungeon, and saw 21 of its levels.
You also visited: Bailey and Ice Cave.

You collected 1643 gold pieces.
You spent 238 gold pieces at shops.
You donated 164 gold pieces to Zin.

Inventory:

Hand Weapons
 u - a +1 scimitar of flaming
 F - a +11 battleaxe of flaming
 P - the +8 mithril axe "Arga" (weapon) {speed, Will+}
   (You took it off a kobold brigand on level 10 of the Dungeon)

   Will:      It increases your willpower.
Armour
 b - the +1 leather armour "Waptyer" {rElec Str+3}
   (You found it on level 7 of the Dungeon)

   Str:       It affects your strength (+3).
   rElec:     It insulates you from electricity.
 j - a +0 troll leather armour (worn)
 v - a +1 cloak (worn)
 w - a +0 pair of boots (worn)
 A - a +0 pair of gloves (worn)
 C - the +0 robe of Soft Rains {Fly rElec rPois Str+3 Dex-2}
   (You found it on level 4 of the Dungeon)

   Str:       It affects your strength (+3).
   Dex:       It affects your dexterity (-2).
   rElec:     It insulates you from electricity.
   rPois:     It protects you from poison.
   Fly:       It grants you flight.
 G - a +1 helmet (worn)
 I - a +2 leather armour of cold resistance
 W - a +1 buckler of fire resistance (worn)
Jewellery
 d - the ring of the Middle {rF++ rC+ Will+ MP+9 Str+3}
   (You took it off a kobold demonologist on level 10 of the Dungeon)

   [ring of magical power]

   Str:       It affects your strength (+3).
   rF:        It greatly protects you from fire.
   rC:        It protects you from cold.
   MP:        It affects your magic capacity (+9).
   Will:      It increases your willpower.
 y - a +6 ring of dexterity (right hand)
 B - a ring of flight
 H - a +4 ring of slaying (left hand)
 K - the amulet "Vutrocoi" (around neck) {Acrobat rC+ rN+}
   (You found it on level 5 of the Lair of Beasts)

   [amulet of the acrobat]

   It increases your evasion while moving and waiting.
   rC:        It protects you from cold.
   rN:        It protects you from negative energy.
 Q - a ring of protection from cold
 R - a ring of resist corrosion
 S - the ring "Matukeq" {rF+ Int+6}
   (You found it on level 9 of the Dungeon)

   [ring of intelligence]

   Int:       It affects your intelligence (+6).
   rF:        It protects you from fire.
Wands
 c - a wand of flame (20) (quivered)
 e - a wand of iceblast (1)
 h - a wand of mindburst (33)
 o - a wand of acid (12)
 N - a wand of roots (1)
 T - a wand of paralysis (3)
Scrolls
 a - 2 scrolls of identify
 f - 3 scrolls of amnesia
 l - 6 scrolls of teleportation
 n - 8 scrolls of blinking
 r - 5 scrolls of fog
 t - 3 scrolls of magic mapping
 D - 6 scrolls of vulnerability
 O - 2 scrolls of fear
 U - a scroll of summoning
 X - 3 scrolls of immolation
 Y - a scroll of enchant armour
 Z - a scroll of enchant weapon
Potions
 g - 7 potions of curing
 i - 4 potions of haste
 k - 3 potions of might
 m - 3 potions of mutation
 p - 6 potions of brilliance
 q - a potion of berserk rage
 s - a potion of ambrosia {unknown}
 x - a potion of flight
 z - 4 potions of attraction
 E - 3 potions of lignification
 J - 4 potions of heal wounds
 L - a potion of degeneration
 M - 5 potions of magic
 V - 4 potions of cancellation


   Skills:
 + Level 11.2 Fighting
 + Level 10.9 Short Blades
 + Level 10.9 Long Blades
 + Level 10.9 Axes
 + Level 10.9 Maces & Flails
 + Level 10.9 Polearms
 + Level 10.9 Staves
 + Level 10.9 Ranged Weapons
 + Level 10.9 Throwing
 + Level 11.8 Armour
 + Level 11.2 Dodging
 + Level 11.1 Stealth
 + Level 10.9 Shields
 + Level 10.9 Unarmed Combat
 + Level 10.9 Spellcasting
 + Level 9.1 Conjurations
 + Level 9.1 Hexes
 + Level 9.1 Summonings
 + Level 9.1 Necromancy
 + Level 9.1 Translocations
 + Level 9.7 Transmutations
 + Level 9.1 Fire Magic
 + Level 9.1 Ice Magic
 + Level 9.1 Air Magic
 + Level 9.1 Earth Magic
 + Level 9.1 Poison Magic
 + Level 11.8 Invocations
 + Level 12.6 Evocations


You had 36 spell levels left.
You didn't know any spells.
Your spell library contained the following spells:

 Spells                   Type           Power      Damage    Failure   Level
 Apportation              Tloc           52%        N/A       1%          1
 Magic Dart               Conj           100%       1d8       1%          1
 Necrotise                Necr           100%       1d9       1%          1
 Shock                    Conj/Air       100%       1d9       1%          1
 Summon Small Mammal      Summ           100%       N/A       1%          1
 Scorch                   Fire           52%        2d8       1%          2
 Searing Ray              Conj           52%        2d6       1%          2
 Sublimation of Blood     Necr           26%        N/A       1%          2
 Wereblood                Tmut           27%        N/A       1%          2
 Call Canine Familiar     Summ           26%        N/A       1%          3
 Gell's Gravitas          Tloc           26%        N/A       1%          3
 Portal Projectile        Hex/Tloc       52%        N/A       1%          3
 Summon Guardian Golem    Hex/Summ       26%        N/A       1%          3
 Swiftness                Air            26%        N/A       1%          3
 Teleport Other           Tloc           26%        N/A       1%          3
 Tukima's Dance           Hex            26%        N/A       1%          3
 Airstrike                Air            13%        2d(2-18)  4%          4
 Flame Wave               Conj/Fire      26%        2d8       4%          4
 Fulminant Prism          Conj/Hex       13%        3d9       4%          4
 Summon Lightning Spire   Summ/Air       26%        N/A       4%          4
 Blade Hands              Tmut           13%        N/A       9%          5
 Dispersal                Tloc           13%        N/A       52%         6
 Summon Cactus Giant      Summ           13%        N/A       52%         6
 Storm Form               Tmut/Air       13%        N/A       96%         7
 Summon Hydra             Summ           13%        N/A       98%         7
 Maxwell's Capacitive Co  Air            13%        ∞         100%        8


Dungeon Overview and Level Annotations

Branches:
Dungeon (12/15) Zot: 26809  Temple (0/1) D:5            Lair (5/5) D:9 Zot: 20039
  Swamp (0/4) Lair:3       Spider (1/4) Lair:3 Zot: 11454   Slime (0/5) Lair:5
    Orc (2/2) D:12 Zot: 10731     Elf (0/3) Orc:2        Bailey (visited)
  IceCv (visited)

Altars:
Makhleb
Okawaru
Ru
Uskayaw
Xom
Yredelemnul
Zin
Jiyva

Shops:
D:1 =   D:8 [   Orc:2 *(:?

Portals:
Abyss: D:6

Annotations:
D:6 2 transporters, blahman3's ghost, novice MiFi
D:7 3 runed translucent doors, acebull12's ghost, novice OpEn
Lair:5 1 runed translucent door
Spider:2 Arachne


Innate Abilities, Weirdness & Mutations

You have very sharp teeth.
Your uncanny sense of smell can sniff out nearby items.
Your experience applies equally to all skills.


Message History

Arachne is lightly wounded.
You feel sick. Arachne hits you but does no damage. Arachne envenoms you!
You are more poisoned.
You slash Arachne!
Arachne is moderately wounded.
You feel sick. You block Arachne's attack.
You slice Arachne!!
Arachne is moderately wounded.
Arachne closely misses you.
You slash Arachne!
Arachne is moderately wounded.
You feel sick. Arachne misses you.
You hit Arachne.
Arachne is moderately wounded.
You feel sick.
You are no longer poisoned.
Arachne stares at you and mumbles some strange words.
The bolt of poison hits you!!
You are poisoned.
You slash Arachne!
Arachne is heavily wounded.
You feel very sick. Arachne casts a spell at you. The bolt of poison hits you!!
You are more poisoned.
You slash Arachne!
Arachne is heavily wounded.
You feel very sick. Arachne misses you.
You slash Arachne!
Arachne is heavily wounded.
You feel very sick. Arachne hits you but does no damage. Arachne envenoms you!!
* * * LOW HITPOINT WARNING * * *
You are more poisoned.
You feel better.
Arachne hits you with a staff of poison!
* * * LOW HITPOINT WARNING * * *
Arachne envenoms you.
You die...

##.......#..#.
..#.....#..#..##
##..##.#..####..#.
#....######.....## #.....#
#......# #####....# #....)..
##.#....########.......
###......##.##...##....>.
####......H@#........##...##
#.....##..###....#.^......#.
#......####.....####.....##.
##.....###.....##...^....#..
∆
#............##...(.....#..
##............#.........#..
##......#.#..###<....###..
##.^######### ##..###...#
#### ####^.....


You could see Arachne.

Vanquished Creatures
  Gastronok (Lair:2)
  Aizul (Spider:2)
  An emperor scorpion (Spider:2)
  3 orc warlords
  An ettin (Orc:2)
  Fannar (Lair:1)
  9 hydras
  Erica (Lair:2)
  A merfolk avatar (Lair:5)
  2 death yaks (Lair:4)
  A boulder beetle (Lair:5)
  6 two-headed ogres
  An orc high priest (Orc:2)
  2 orb spiders (Spider:2)
  5 bog bodies
  7 orc knights
  A necromancer (IceCv)
  A wizard (D:10)
  A steelbarb worm (Spider:2)
  A lindwurm (Lair:2)
  3 ugly things
  2 manticores
  5 cyclopes
  4 orc sorcerers
  9 elephants
  6 black mambas
  2 gargoyles (D:10)
  10 cane toads
  3 torpor snails
  2 ice statues (IceCv)
  8 komodo dragons
  A rime drake (Lair:5)
  A freezing wraith (IceCv)
  3 anaconda simulacra (IceCv)
  6 ice devils (IceCv)
  5 kobold demonologists (D:10)
  2 tarantellas (Spider:2)
  3 trolls
  5 hornets
  2 polar bears
  3 wind drakes (Lair:5)
  10 saltlings (Orc:2)
  18 blink frogs
  7 dream sheep
  2 shadows
  10 jumping spiders
  A centaur simulacrum (D:10)
  6 culicivoras
  2 slime creatures (D:10)
  A wraith (D:11)
  A dire elephant simulacrum (IceCv)
  52 yaks
  7 wyverns
  Grum (D:9)
  4 basilisks
  3 steam dragons
  10 redbacks
  6 vampire mosquitoes
  Edmund (D:5)
  2 wargs (Orc:2)
  4 harpy simulacra (IceCv)
  2 hydra simulacra (IceCv)
  15 water moccasins
  A swamp worm (Lair:3)
  Duvessa (D:5)
  3 acid dragons
  An ice beast (D:7)
  22 orc warriors
  6 black bears
  6 ogres
  5 wolves
  6 centaurs
  7 bullfrogs
  4 kobold brigands
  A necrophage (D:7)
  A cane toad simulacrum (Lair:3)
  2 scorpions
  8 wights
  Dowan (D:5)
  An elephant simulacrum (Lair:3)
  6 killer bees (D:7)
  8 electric eels
  3 howler monkeys (D:8)
  4 orc priests
  Crazy Yiuf (D:5)
  5 jellies
  2 iguanas
  8 orc wizards
  A polar bear simulacrum (Lair:3)
  A spriggan simulacrum (IceCv)
  A troll simulacrum (IceCv)
  2 wolf simulacra
  7 gnolls
  6 adders
  A shadow imp (D:6)
  2 white imps (D:7)
  2 ufetubi
  2 worms (D:2)
  2 dart slugs (D:1)
  41 orcs
  9 ball pythons
  15 endoplasms
  13 goblins
  20 hobgoblins
  14 kobolds
  5 quokkas
  5 bats
  4 frilled lizards
  6 rats
  5 pillars of salt (Orc:2)
574 creatures vanquished.

Vanquished Creatures (collateral kills)
  3 orc warriors (Bailey)
  3 gnolls
  3 orcs (Bailey)
  A ball python (D:2)
  A goblin (Bailey)
  3 hobgoblins (Bailey)
  A kobold (D:2)
15 creatures vanquished.

Vanquished Creatures (others)
  An orc knight (Bailey)
  An orc sorcerer (Orc:2)
  An elephant (Lair:2)
  A sky beast (D:8)
  2 adders
  An orc (Orc:2)
  A hobgoblin (D:1)
  4 kobolds
  83 fungi
  131 plants
  6 toadstools (D:2)
232 creatures vanquished.

Grand Total: 821 creatures vanquished

Notes
Turn   | Place    | Note
-------+----------+-------------------------------------------
     0 | D:1      | holysushi the Gnoll Artificer began the quest for the Orb.
     0 | D:1      | Reached XP level 1. HP: 17/17 MP: 1/1
    16 | D:1      | Found Maedd's Jewellery Shoppe.
   118 | D:1      | Reached XP level 2. HP: 14/23 MP: 2/2
   667 | D:1      | Reached XP level 3. HP: 26/28 MP: 3/3
   924 | D:1      | Found a faded altar of an unknown god.
   946 | D:1      | Prayed at the altar of an unknown god.
   946 | D:1      | Became a worshipper of Zin the Law-Giver
   946 | D:1      | Reached * piety under Zin
  1089 | D:2      | Reached skill level 1 in Invocations
  1357 | D:2      | Reached skill level 1 in Short Blades
  1357 | D:2      | Reached skill level 1 in Long Blades
  1357 | D:2      | Reached skill level 1 in Axes
  1357 | D:2      | Reached skill level 1 in Maces & Flails
  1357 | D:2      | Reached skill level 1 in Polearms
  1357 | D:2      | Reached skill level 1 in Staves
  1357 | D:2      | Reached skill level 1 in Ranged Weapons
  1357 | D:2      | Reached skill level 1 in Throwing
  1357 | D:2      | Reached skill level 1 in Shields
  1357 | D:2      | Reached skill level 1 in Unarmed Combat
  1357 | D:2      | Reached skill level 1 in Spellcasting
  1466 | D:2      | Reached ** piety under Zin
  1490 | D:2      | Found a burning altar of Makhleb.
  1936 | D:2      | HP: 1/28 [worm (9)]
  2253 | D:2      | Reached XP level 4. HP: 23/34 MP: 5/5
  2499 | D:2      | Reached skill level 1 in Conjurations
  2499 | D:2      | Reached skill level 1 in Hexes
  2499 | D:2      | Reached skill level 1 in Summonings
  2499 | D:2      | Reached skill level 1 in Necromancy
  2499 | D:2      | Reached skill level 1 in Translocations
  2499 | D:2      | Reached skill level 1 in Transmutations
  2499 | D:2      | Reached skill level 1 in Fire Magic
  2499 | D:2      | Reached skill level 1 in Ice Magic
  2499 | D:2      | Reached skill level 1 in Air Magic
  2499 | D:2      | Reached skill level 1 in Earth Magic
  2499 | D:2      | Reached skill level 1 in Poison Magic
  2546 | D:2      | Reached XP level 5. HP: 29/40 MP: 5/7
  3206 | D:3      | Identified the +7 flail "Xaucwainos" {heavy, Str+4}
  3469 | D:3      | Found a faded altar of an unknown god.
  3495 | D:3      | Found a basalt altar of Yredelemnul.
  3624 | D:4      | Found an iron altar of Okawaru.
  3628 | D:4      | Found a shimmering altar of Xom.
  3628 | D:4      | Found a sacrificial altar of Ru.
  3694 | D:4      | Reached XP level 6. HP: 33/47 MP: 8/8
  3710 | D:4      | Identified the +0 robe of Soft Rains {Fly rElec rPois Str+3
                  | Dex-2}
  3808 | D:4      | Identified the +8 falchion of the Evening {freeze, Str+6
                  | Stlth-}
  3914 | D:4      | Reached *** piety under Zin
  4045 | D:4      | Reached skill level 5 in Armour
  4361 | D:5      | Entered Level 5 of the Dungeon
  4419 | D:5      | Noticed Edmund
  4428 | D:5      | Killed Edmund
  4429 | D:5      | Reached XP level 7. HP: 29/52 MP: 10/10
  4594 | D:5      | Found a staircase to the Ecumenical Temple.
  4596 | D:5      | Reached skill level 7 in Evocations
  4624 | D:5      | Noticed Dowan
  4688 | D:5      | Noticed Duvessa
  4704 | D:5      | Killed Duvessa
  4705 | D:5      | Killed Dowan
  4824 | D:5      | Reached **** piety under Zin
  5075 | D:5      | Found a runed translucent door.
  5076 | D:5      | Noticed Crazy Yiuf
  5248 | D:5      | Killed Crazy Yiuf
  5511 | D:6      | Reached XP level 8. HP: 56/60 MP: 12/12
  5529 | D:6      | Noticed a hellwing
  5918 | D:6      | Found a transporter.
  6110 | D:6      | Found a transporter.
  6120 | D:6      | Found a one-way gate to the infinite horrors of the Abyss.
  6120 | D:6      | Noticed blahman3's ghost (novice MiFi)
  6479 | D:7      | Found a runed translucent gate.
  6480 | D:7      | Found a runed translucent gate.
  6481 | D:7      | Found a runed translucent gate.
  6482 | D:7      | Noticed a spectral unseen horror
  6482 | D:7      | Noticed acebull12's ghost (novice OpEn)
  6555 | D:7      | Identified the +1 leather armour "Waptyer" {rElec Str+3}
  6678 | D:7      | Found a flagged portal.
  6698 | Bailey   | Entered a bailey
  6777 | Bailey   | Reached XP level 9. HP: 60/66 MP: 14/14
  6957 | Bailey   | Noticed an orc knight
  6973 | Bailey   | Reached skill level 5 in Fighting
  6973 | Bailey   | Reached skill level 5 in Dodging
  7002 | Bailey   | Killed an orc knight
  7003 | Bailey   | Reached skill level 5 in Stealth
  7003 | Bailey   | Reached skill level 8 in Evocations
  7039 | Bailey   | Reached skill level 5 in Invocations
  7049 | Bailey   | Noticed an orc knight
  7086 | Bailey   | Noticed an orc warlord
  7117 | Bailey   | Killed an orc warlord
  7118 | Bailey   | Reached skill level 5 in Short Blades
  7118 | Bailey   | Reached skill level 5 in Long Blades
  7118 | Bailey   | Reached skill level 5 in Axes
  7118 | Bailey   | Reached skill level 5 in Maces & Flails
  7118 | Bailey   | Reached skill level 5 in Polearms
  7118 | Bailey   | Reached skill level 5 in Staves
  7118 | Bailey   | Reached skill level 5 in Ranged Weapons
  7118 | Bailey   | Reached skill level 5 in Throwing
  7118 | Bailey   | Reached skill level 5 in Shields
  7118 | Bailey   | Reached skill level 5 in Unarmed Combat
  7118 | Bailey   | Reached skill level 5 in Spellcasting
  7118 | Bailey   | Reached XP level 10. HP: 76/76 MP: 17/17
  7179 | Bailey   | Identified the +3 short sword "Dileogu" {heavy, *Noise
                  | Int+3 SInv}
  7308 | Bailey   | Reached ***** piety under Zin
  8289 | D:8      | Found Peacuq's Armour Shoppe.
  8648 | D:8      | Noticed a two-headed ogre
  8830 | D:8      | Killed a two-headed ogre
  9228 | D:8      | Paralysed by a hornet for 1 turns
  9670 | D:9      | Identified the ring "Matukeq" {rF+ Int+6}
  9677 | D:9      | Noticed Grum
  9695 | D:8      | Reached skill level 9 in Evocations
  9757 | D:9      | Reached skill level 5 in Conjurations
  9757 | D:9      | Reached skill level 5 in Hexes
  9757 | D:9      | Reached skill level 5 in Summonings
  9757 | D:9      | Reached skill level 5 in Necromancy
  9757 | D:9      | Reached skill level 5 in Translocations
  9757 | D:9      | Reached skill level 5 in Transmutations
  9757 | D:9      | Reached skill level 5 in Fire Magic
  9757 | D:9      | Reached skill level 5 in Ice Magic
  9757 | D:9      | Reached skill level 5 in Air Magic
  9757 | D:9      | Reached skill level 5 in Earth Magic
  9757 | D:9      | Reached skill level 5 in Poison Magic
  9808 | D:9      | Reached XP level 11. HP: 78/83 MP: 20/20
  9897 | D:9      | Killed Grum
  9908 | D:9      | Found a staircase to the Lair.
 11023 | D:10     | Entered Level 10 of the Dungeon
 11474 | Lair:1   | Entered Level 1 of the Lair of Beasts
 11777 | Lair:1   | Noticed Fannar
 11803 | Lair:1   | HP: 2/84 [Fannar/staff of cold (5)]
 11805 | Lair:1   | Killed Fannar
 12085 | Lair:1   | Reached XP level 12. HP: 91/91 MP: 22/22
 12751 | Lair:2   | Noticed Erica
 12779 | Lair:2   | Killed Erica
 12785 | Lair:2   | Noticed Gastronok
 12801 | Lair:2   | Killed Gastronok
 12807 | Lair:2   | Reached skill level 10 in Evocations
 12807 | Lair:2   | Reached XP level 13. HP: 62/99 MP: 22/25
 14061 | Lair:3   | Found a frozen archway.
 14140 | IceCv    | Entered an ice cave
 14211 | IceCv    | Reached ****** piety under Zin
 15821 | Lair:3   | Reached skill level 10 in Armour
 15821 | Lair:3   | Reached skill level 11 in Evocations
 16016 | Lair:3   | Reached XP level 14. HP: 95/108 MP: 26/26
 16867 | Lair:3   | Found a hole to the Spider Nest.
 17215 | Lair:3   | Identified the +2 robe "Kyloto" {rElec}
 17491 | Lair:3   | Found a staircase to the Swamp.
 17860 | Lair:3   | Reached skill level 10 in Invocations
 18395 | Lair:3   | Found a hole to the Spider Nest.
 18506 | Lair:3   | Found a staircase to the Swamp.
 20069 | Lair:5   | Entered Level 5 of the Lair of Beasts
 20231 | Lair:5   | Reached skill level 10 in Fighting
 20231 | Lair:5   | Reached skill level 10 in Dodging
 20613 | Lair:5   | Reached skill level 10 in Stealth
 21223 | Lair:5   | Found a runed translucent door.
 21223 | Lair:5   | Found a viscous altar of Jiyva.
 21223 | Lair:5   | Found a staircase to the Slime Pits.
 21223 | Lair:5   | Noticed an azure jelly
 21223 | Lair:5   | Noticed an azure jelly
 21499 | Lair:5   | Reached XP level 15. HP: 45/115 MP: 28/28
 21734 | Lair:5   | Identified the amulet "Vutrocoi" {Acrobat rC+ rN+}
 21839 | Lair:5   | Reached skill level 10 in Short Blades
 21839 | Lair:5   | Reached skill level 10 in Long Blades
 21839 | Lair:5   | Reached skill level 10 in Axes
 21839 | Lair:5   | Reached skill level 10 in Maces & Flails
 21839 | Lair:5   | Reached skill level 10 in Polearms
 21839 | Lair:5   | Reached skill level 10 in Staves
 21839 | Lair:5   | Reached skill level 10 in Ranged Weapons
 21839 | Lair:5   | Reached skill level 10 in Throwing
 21839 | Lair:5   | Reached skill level 10 in Shields
 21839 | Lair:5   | Reached skill level 10 in Unarmed Combat
 21839 | Lair:5   | Reached skill level 10 in Spellcasting
 23021 | D:10     | Reached skill level 12 in Evocations
 23036 | D:10     | Identified the ring of the Middle {rF++ rC+ Will+ MP+9
                  | Str+3}
 23335 | D:10     | Found a shimmering altar of Xom.
 23530 | D:10     | Found a hide-covered altar of Uskayaw.
 23776 | D:11     | Found Gisor's Jewellery Shoppe.
 24403 | D:12     | Found a staircase to the Orcish Mines.
 24434 | Orc:1    | Entered Level 1 of the Orcish Mines
 24493 | Orc:1    | Found a burning altar of Makhleb.
 24634 | Orc:2    | Entered Level 2 of the Orcish Mines
 24728 | Orc:2    | Found a staircase to the Elven Halls.
 25272 | Orc:2    | Noticed an orc warlord
 25285 | Orc:2    | Killed an orc warlord
 25317 | Orc:2    | Found Keotion's Antique Weapon Shoppe.
 25319 | Orc:2    | Found Mogavesch's Book Shoppe.
 25361 | Orc:2    | Noticed an orc warlord
 25374 | Orc:2    | Found Coseg's Magic Scroll Shoppe.
 25400 | Orc:2    | Killed an orc warlord
 25412 | Orc:2    | Bought a scroll of blinking for 112 gold pieces
 25412 | Orc:2    | Bought a scroll of teleportation for 45 gold pieces
 25466 | Orc:2    | Found Wobyrphu's Assorted Antiques.
 25488 | Orc:2    | Bought a scroll of teleportation for 81 gold pieces
 25950 | Spider:1 | Entered Level 1 of the Spider Nest
 25957 | Spider:1 | You fall into a shaft and drop 1 floor!
 26116 | Spider:2 | Reached XP level 16. HP: 90/125 MP: 30/30
 26332 | Spider:2 | Noticed Aizul
 26360 | Spider:2 | Killed Aizul
 26407 | Spider:2 | Identified the +7 great mace of Yeast {venom, rC+}
 26519 | Spider:2 | Noticed Arachne
 26537 | Spider:2 | HP: 4/125 [Arachne/staff of poison (29)]
 26538 | Spider:2 | Slain by Arachne

Illustrated notes

Levels and vault maps discovered:
D:1:      amcnicky_arrival_blooded_trapdoor, layout_loops_ring,
          hellmonk_ecumenical_altar_run_dry, serial_shops, shop_fountains,
          minmay_unequal
D:2:      cheibrodos_fertilizer, layout_basic, basic_altar, nicolae_titane
D:3:      layout_loops_ring, nicolae_overflow_ecumenical_swirl, serial_glass,
          glass_columns_a, glass_columns_b, chequers_avenue
D:4:      layout_rooms, chequers_temple_overflow_statue_of_worship,
          dk_vineyard_1, minmay_splitting_lines, corner_web_ring,
          minmay_surrounded
D:5:      layout_basic, minmay_temple_entry_tees, kennysheep_doodads,
          serial_park_tiny_1, uniq_crazy_yiuf_cottage, uniq_duvessa, uniq_edmund
D:6:      layout_basic, gammafunk_ghost_abyssal_escape, water_maze_lemuel
D:7:      layout_basic, enter_bailey_4, gammafunk_ghost_necromancy
D:8:      layout_loops_corners, serial_shops, nicolae_shop_hallway_stairs
D:9:      layout_loops_ring, due_lair_maze_entry_diamond, uniq_grum
D:10:     minmay_the_grid_octo_tiled_octocenter
          [minmay_the_grid_octo_vomiting_pacman,
          minmay_the_grid_octo_fat_diamond, minmay_the_grid_octo_checkered,
          minmay_the_grid_octo_pinwheel,
          minmay_the_grid_octo_prize_square_snowflake,
          minmay_the_grid_square_5x5_shrine2,
          minmay_the_grid_square_5x5_two_walls_b,
          minmay_the_grid_square_5x5_minivault,
          minmay_the_grid_square_5x5_hourglass], layout_cave_pools,
          mainiacjoe_overflow_chevrons, minmay_statues_item
D:11:     layout_loops_cross, serial_shops, shop_fountains
D:12:     layout_basic, orc_0_dummy, fiery_altar_vehumet
Lair:1:   layout_cave_pods, uniq_fannar
Lair:2:   layout_long_grid, uniq_erica, uniq_gastronok
Lair:3:   layout_regular_city, nicolae_swamp_entry_splash_gauntlet,
          spider_nest_entry_funnel_web, portal_ice_cave_entry_ice_simulacra
Lair:4:   nzn_winding_woodlands_cross [nzn_winding_woodlands_5x15_split_checker,
          nzn_winding_woodlands_5x15_sidewinder,
          nzn_winding_woodlands_5x15_river_crossing,
          nzn_winding_woodlands_5x15_jagged,
          nzn_winding_woodlands_15x15_boxy_spiral], layout_loops_ring,
          bh_autumn_forest_stairs
Lair:5:   gammafunk_lair_ancient_temple, layout_cave_pods, slime_entry_2,
          serial_bayou_shore_a, wad_woods_river_01
Spider:1: layout_spider_delve
Spider:2: layout_spider_delve, uniq_arachne, uniq_aizul
Orc:1:    layout_caves, basic_altar
Orc:2:    hellmonk_orc_salted, layout_caves, basic_altar

Skill      XL: |  1  2  3  4  5  6  7  8  9 10 11 12 13 14 15 |
---------------+----------------------------------------------+-----
Invocations    | 1 2 3 4 5 6 7 8 9 10 11 | 11.8
Short Blades   | 1 2 3 5 6 7 8 9 10 | 10.9
Long Blades    | 1 2 3 5 6 7 8 9 10 | 10.9
Axes           | 1 2 3 5 6 7 8 9 10 | 10.9
Maces & Flails | 1 2 3 5 6 7 8 9 10 | 10.9
Polearms       | 1 2 3 5 6 7 8 9 10 | 10.9
Staves         | 1 2 3 5 6 7 8 9 10 | 10.9
Ranged Weapons | 1 2 3 5 6 7 8 9 10 | 10.9
Throwing       | 1 2 3 5 6 7 8 9 10 | 10.9
Shields        | 1 2 3 5 6 7 8 9 10 | 10.9
Unarmed Combat | 1 2 3 5 6 7 8 9 10 | 10.9
Spellcasting   | 1 2 3 5 6 7 8 9 10 | 10.9
Conjurations   | 1 2 3 4 5 6 7 8 9 |  9.1
Hexes          | 1 2 3 4 5 6 7 8 9 |  9.1
Summonings     | 1 2 3 4 5 6 7 8 9 |  9.1
Necromancy     | 1 2 3 4 5 6 7 8 9 |  9.1
Translocations | 1 2 3 4 5 6 7 8 9 |  9.1
Transmutations | 1 2 3 4 5 6 7 8 9 |  9.7
Fire Magic     | 1 2 3 4 5 6 7 8 9 |  9.1
Ice Magic      | 1 2 3 4 5 6 7 8 9 |  9.1
Air Magic      | 1 2 3 4 5 6 7 8 9 |  9.1
Earth Magic    | 1 2 3 4 5 6 7 8 9 |  9.1
Poison Magic   | 1 2 3 4 5 6 7 8 9 |  9.1
Fighting       | 3 4 5 6 7 8 9 10 11 | 11.2
Dodging        | 3 4 5 6 7 8 9 10 11 | 11.2
Stealth        | 3 4 5 6 7 8 9 10 11 | 11.1
Armour         | 5 6 7 8 9 10 11 | 11.8
Evocations     | 7 8 9 10 11 12 | 12.6

Action                   |  1- 3 |  4- 6 |  7- 9 | 10-12 | 13-15 | 16-18 || total
-------------------------+-------+-------+-------+-------+-------+-------++-------
Melee: Club              |   216 |       |       |       |       |       ||   216
       Bite              |    31 |     8 |    11 |    22 |   225 |    14 ||   311
       Punch             |     4 |       |     4 |     7 |     3 |       ||    18
       Whip              |       |    44 |       |       |       |       ||    44
       Flail             |       |    51 |    21 |       |       |       ||    72
       Falchion          |       |       |   103 |    90 |   788 |       ||   981
       Battleaxe         |       |       |       |   174 |       |       ||   174
       Scimitar          |       |       |       |       |   167 |       ||   167
       Broad axe         |       |       |       |       |   372 |    88 ||   460
Throw: Stone             |       |     1 |       |       |       |       ||     1
Invok: Recite            |     4 |       |     4 |    11 |    10 |       ||    29
       Vitalisation      |       |       |       |     2 |     3 |     2 ||     7
Evoke: Wand              |     6 |     9 |    29 |     4 |    16 |       ||    64
  Use: Potion            |       |       |     4 |     1 |     2 |     1 ||     8
       Scroll            |       |       |    13 |     3 |    16 |       ||    32
 Stab: Sleeping          |     3 |    10 |     3 |     4 |    30 |     3 ||    53
       Paralysed         |       |       |       |     2 |    11 |       ||    13
       Distracted        |       |       |       |       |     4 |     1 ||     5
       Confused          |       |       |       |       |     9 |       ||     9
       Invisible         |       |       |       |       |     5 |       ||     5
Armor: Leather armour    |    44 |    14 |    36 |   109 |   165 |       ||   368
       Troll leather arm |       |       |       |       |    38 |    22 ||    60
Dodge: Dodged            |   156 |    38 |    71 |   242 |   706 |    68 ||  1281
Block: Other             |       |    16 |    24 |    80 |    11 |       ||   131
       Reflection        |       |       |     3 |     1 |     3 |       ||     7
       Buckler           |       |       |       |       |   603 |    40 ||   643

Table legend: (Time is in decaauts)
 A = Elapsed time spent in this place.
 B = Non-inter-level travel time spent in this place.
 C = Inter-level travel time spent in this place.
 D = Time resting spent in this place.
 E = Time spent auto-exploring this place.
 F = Levels seen in this place.
 G = Mean time per level.
                   A        B        C        D        E       F      G
               +--------+--------+--------+--------+--------+-----+--------+
         Total |  26741 |  25749 |    992 |   6940 |  12023 |  23 | 1162.7 |
       Dungeon |  12758 |  12223 |    535 |   2409 |   6672 |  12 | 1063.2 |
          Lair |   9960 |   9530 |    430 |   3001 |   4415 |   5 | 1992.0 |
   Spider Nest |    544 |    544 |      0 |    104 |    236 |   2 |  272.0 |
  Orcish Mines |   1268 |   1242 |     26 |    213 |    622 |   2 |  634.0 |
        Bailey |    660 |    660 |      0 |    216 |     51 |   1 |  660.0 |
      Ice Cave |   1548 |   1548 |      0 |    996 |     27 |   1 | 1548.0 |
               +--------+--------+--------+--------+--------+-----+--------+

Top non-repeatable levels by time:
  Lair:3: 2778 daAuts
  Lair:5: 2503 daAuts
     D:8: 1777 daAuts
     D:2: 1691 daAuts
  Lair:4: 1672 daAuts
  Lair:1: 1562 daAuts
   IceCv: 1548 daAuts
     D:9: 1458 daAuts
  Lair:2: 1444 daAuts
     D:1: 1200 daAuts
     D:7: 1157 daAuts
     D:6: 1130 daAuts
     D:5: 1011 daAuts
    D:10: 967 daAuts
   Orc:2: 958 daAuts
